 Dungeon Crawl Stone Soup version 0.21-a0-143-g1ab7d47 (webtiles) character file.

357 FrankyJ the Skirmisher (level 6, -2/41 HPs)
             Began as a Gargoyle Fighter on July 25, 2017.
             Killed from afar by a white imp (6 damage)
             ... with a puff of frost
             ... summoned by Eustachio
             ... on level 3 of the Dungeon.
             The game lasted 00:09:32 (2073 turns).

FrankyJ the Skirmisher (Gargoyle Fighter)           Turns: 2073, Time: 00:09:33

Health: -2/41      AC: 12    Str: 20    XL:     6   Next: 64%
Magic:  6/6        EV:  7    Int:  8    God:
Gold:   125        SH:  9    Dex: 11    Spells: 5/5 levels left

rFire    . . .     SeeInvis .   e - +3 whip (venom)
rCold    . . .     Gourm    .   c - +0 shield
rNeg     + . .     Faith    .   b - +0 scale mail
rPois    ∞         Spirit   .   u - +0 helmet
rElec    +         Reflect  .   (no cloak)
rCorr    .         Harm     .   (no gloves)
MR       .....                  (no boots)
Stlth    ..........             (no amulet)
HPRegen  0.13/turn              (no ring)
MPRegen  0.10/turn              (no ring)

@: no status effects
A: negative energy resistance 1, electricity resistance, unbreathing,
petrification resistance, rot immunity, AC +4
a: no special abilities


You were on level 3 of the Dungeon.
You were not hungry.

You visited 1 branch of the dungeon, and saw 4 of its levels.

You collected 125 gold pieces.

Inventory:

Hand Weapons
 a - a +0 flail
 e - a +3 whip of venom (weapon)
 w - a +1 whip of flaming
Missiles
 k - 3 needles of confusion
 p - 2 javelins (quivered)
 s - 13 poisoned needles
Armour
 b - a +0 scale mail (worn)
 c - a +0 shield (worn)
 u - a +0 helmet (worn)
Wands
 l - a wand of flame (39/48)
 t - a wand of confusion (23/48)
Scrolls
 i - 5 scrolls of identify
 j - 2 scrolls of amnesia
 n - a scroll of magic mapping
 v - a scroll of teleportation {unknown}
Potions
 d - 3 potions of might
 m - 2 potions of flight
 o - a potion of berserk rage
 q - a potion of agility {unknown}
 r - a potion of brilliance
Comestibles
 f - 3 bread rations
 g - a royal jelly
 h - 6 chunks of flesh


   Skills:
 * Level 5.7 Fighting
 + Level 3.5 Maces & Flails
 - Level 4.1 Armour
 + Level 4.7 Shields


You had 5 spell levels left.
You didn't know any spells.

Dungeon Overview and Level Annotations

Branches:
Dungeon (4/15)
 Temple: D:4-7

Altars:

Annotations:
D:3 Edmund, Eustachio


Innate Abilities, Weirdness & Mutations

You are resistant to torment.
Your stone body is resilient. (AC +4)
You are immune to poison.
You resist negative energy. (rN+)
You are resistant to electric shocks. (rElec)
You can survive without breathing.
You are immune to petrification.
You are immune to rotting.


Message History

The white imp hits you but does no damage.
Unknown command.
You hit Eustachio.
Eustachio looks as sick as possible!
Eustachio is severely wounded.
You block Edmund's attack. Eustachio hits you but does no damage.
The crimson imp hits you.
* * * LOW HITPOINT WARNING * * *
The white imp closely misses you.
Unknown command.
You hit Eustachio.
Eustachio looks as sick as possible!
Eustachio is almost dead.
Edmund hits you with a flail of holy wrath.
* * * LOW HITPOINT WARNING * * *
The crimson imp hits you.
* * * LOW HITPOINT WARNING * * *
Eustachio casts a spell.
Eustachio blinks!
The white imp gestures at you. The puff of frost hits you!
You die...

....##..# #.#.#.#..........#.##..
#...##..###........#...##..#.##..
#.........>.....##.#...##[.#.##..
.................................
............#...##.#...##..#.##..
#.#.#.......#...##.#...##..#.....
#.#.##......#...##...............
#.#.##...........................
.............@.5@............##..
#..............@§5##...##........
#.#.##...#..#....................
....##...#..#....................
#.####...#.....#..####..##.#..#..
.....#...#..#..#..# #..##.#..#..
...............#..####..##.#..#..
...........................#..#..
.................................


You could see Edmund, Eustachio, a crimson imp and a white imp.

Vanquished Creatures
  A hound (D:4)
  Ijyb (D:3)
  Natasha (thrice) (D:3)
  A worker ant (D:3)
  A hound zombie (D:3)
  Robin (D:3)
  7 adders
  2 oozes (D:3)
  A worm (D:2)
  4 dart slugs
  A leopard gecko (D:2)
  8 orcs
  2 ball pythons (D:2)
  4 giant cockroaches
  15 goblins
  12 hobgoblins
  8 jackals
  4 kobolds
  A quokka (D:3)
  5 bats
  5 frilled lizards
  A quokka skeleton (D:4)
  5 rats
93 creatures vanquished.

Notes
Turn   | Place    | Note
-------+----------+-------------------------------------------
     0 | D:1      | FrankyJ the Gargoyle Fighter began the quest for the Orb.
     0 | D:1      | Reached XP level 1. HP: 14/14 MP: 1/1
    83 | D:1      | Reached XP level 2. HP: 18/19 MP: 2/2
   250 | D:1      | Reached XP level 3. HP: 23/23 MP: 3/3
   727 | D:2      | Reached skill level 4 in Fighting
   792 | D:2      | Reached XP level 4. HP: 29/29 MP: 4/4
  1057 | D:3      | Noticed Natasha
  1067 | D:3      | Killed Natasha
  1128 | D:3      | Noticed Ijyb
  1151 | D:3      | Killed Ijyb
  1151 | D:3      | Reached XP level 5. HP: 29/34 MP: 5/5
  1316 | D:3      | Noticed Robin
  1334 | D:3      | Killed Robin
  1334 | D:3      | Reached skill level 5 in Fighting
  1420 | D:3      | Noticed Natasha
  1426 | D:3      | Killed Natasha
  1428 | D:3      | Noticed Natasha
  1435 | D:3      | Killed Natasha
  1435 | D:3      | Reached XP level 6. HP: 38/40 MP: 6/6
  2044 | D:4      | Noticed Eustachio
  2047 | D:4      | Noticed Edmund
  2073 | D:3      | Killed from afar by a white imp

Vault maps used:
D:1:      dpeg_arrival_three_same_balls, solitary_fountain
D:3:      uniq_ijyb, uniq_robin, uniq_natasha
D:4:      lemuel_crystal_altar, overflow_temple_1_default,
          gammafunk_temple_overflow_wave, minmay_temple_entry_glass,
          serial_shops, shop_statue, first_bread, uniq_duvessa, uniq_edmund,
          uniq_eustachio

Skill      XL: |  1  2  3  4  5 |
---------------+----------------+-----
Armour         | 4 |  4.1
Fighting       | 4 5 |  5.7
Shields        | 4 |  4.7
Maces & Flails | 3 |  3.5

Action                   |  1- 3 |  4- 6 || total
-------------------------+-------+-------++-------
Melee: Whip              |   107 |   164 ||   271
       Flail             |     7 |       ||     7
  Use: Scroll            |       |     9 ||     9
  Eat: Chunk             |       |     4 ||     4
Armor: Scale mail        |    53 |    66 ||   119
Dodge: Dodged            |    18 |    53 ||    71
Block: Shield            |    51 |    66 ||   117
